 Dungeon Crawl Stone Soup version 0.32-a0-616-g9348d4545b (webtiles) character file.

Game seed: 12527124753998116347

373 killozap the Firebug (level 6, -4/48 (50) HPs)
             Began as a Mountain Dwarf Fire Elementalist on Mar 5, 2024.
             Slain by an iguana (9 damage)
             ... on level 6 of the Dungeon.
             The game lasted 00:09:30 (3758 turns).

killozap the Firebug (MDFE)                         Turns: 3758, Time: 00:09:31

HP:   -4/48 (50)    AC:  7    Str: 12    XL:     6   Next: 43%
MP:   10/10         EV:  9    Int: 16    God:
Gold: 281           SH:  0    Dex: 10    Spells: 7/10 levels left

rFire   . . .        q - +2 dagger (venom)
rCold   . . .        (no shield)
rNeg    . . .        l - +0 scale mail
rPois   .            e - +0 helmet
rElec   .            (no cloak)
rCorr   +            (no gloves)
SInv    .            (no boots)
Will    .....        (no amulet) Stlth
                     m - ring of resist corrosion
HPRegen 0.28/turn    (no ring)
MPRegen 0.12/turn

%: no passive effects
@: lightly drained
A: runic magic, artefact enchanting
a: Convert to Beogh


You were on level 6 of the Dungeon.
You visited 1 branch of the dungeon, and saw 6 of its levels.

You collected 281 gold pieces.

Inventory:

Hand Weapons
 d - a +0 hand axe
 q - a +2 dagger of venom (weapon)
 t - a +0 morningstar
Missiles
 o - 5 silver javelins
Armour
 a - a +0 robe
 e - a +0 helmet (worn)
 l - a +0 scale mail (worn)
Jewellery
 m - a ring of resist corrosion (left hand)
Scrolls
 c - a scroll of enchant weapon {unknown}
 f - a scroll of poison
 i - a scroll of summoning {unknown}
 p - a scroll of amnesia {unknown}
 r - 2 scrolls of revelation {unknown}
 s - a scroll of brand weapon {unknown}
Potions
 b - a potion of magic
 h - a potion of mutation {unknown}
 j - a potion of lignification {unknown}
 k - 6 potions of curing
 n - a potion of attraction {unknown}
 u - 2 potions of might
 v - a potion of invisibility {unknown}
 w - a potion of ambrosia {unknown}


   Skills:
 + Level 2.6 Fighting
 + Level 2.6 Armour
 - Level 1.3 Dodging
 - Level 1.4 Stealth
 + Level 2.7 Spellcasting
 + Level 2.4 Conjurations
 * Level 5.9 Fire Magic


You had 7 spell levels left.
You knew the following spells:

 Your Spells              Type           Power      Damage    Failure   Level
a - Foxfire               Conj/Fire      60%        2x1d7     4%          1
b - Scorch                Fire           42%        2d6       3%          2

Your spell library contained the following spells:

 Spells                   Type           Power      Damage    Failure   Level
 Inner Flame              Hex/Fire       11%        N/A       24%         3
 Volatile Blastmotes      Fire/Tloc      22%        2d11      24%         3
 Flame Wave               Conj/Fire      15%        2d7       45%         4


Dungeon Overview and Level Annotations

Branches:
Dungeon (6/15)
 Temple: D:4-7

Altars:
Cheibriados
Kikubaaqudgha
Makhleb
Qazlal

Annotations:
D:5 exclusion: upstairs


Innate Abilities, Weirdness & Mutations

Your spellcasting is much less encumbered by armour.
You can use scrolls of enchantment on lesser artefacts.


Message History

Found 13 gold pieces.
The orc shouts! x2; You hear a shout!
An orc comes into view. It is wielding a +0 club.
The orc shouts!
You hear a shout! x2
The wight hits you from afar with a +3 trident!
The orc priest barely misses you. The orc barely misses you.
The orc hits you with a +0 hand axe.
You hit the orc.
You kill the orc!
The orc priest hits you but does no damage.
The orc barely misses you.
Found an escape hatch in the floor.
The orc priest attacks as it pursues you!
The orc priest hits you with a +0 whip. The orc hits you with a +0 hand axe.
The orc priest threatens, "Beogh's wrath is as vast as their mercy.
Make your choice!" (press Y on the ability menu to convert to Beogh)
As you read the scroll of teleportation, it crumbles to dust.
You feel strangely unstable.
The orc priest threatens, "Beogh's wrath is as vast as their mercy.
Make your choice!"
The orc priest hits you but does no damage.
The orc hits you with a +0 hand axe.
An iguana comes into view.
The orc hits you but does no damage. The wight hits you but does no damage.
The iguana hisses angrily.
You hear a shout! x2
An ogre comes into view. It is wielding a +0 giant club.
The ogre shouts!
You hear a shout! x2
The orc priest attacks as it pursues you!
The orc priest hits you with a +0 whip.
An orc comes into view. It is wielding a +0 club.
An orc comes into view. It is wielding a +0 whip.
Your surroundings seem slightly different.
The wight hits you with a +3 war axe of freezing!
The wight freezes you. The wight hits you with a +3 trident.
The wight hits you but does no damage.
The wight hits you from afar with a +3 trident!
* * * LOW HITPOINT WARNING * * *
You feel drained. The wight hits you with a +0 scimitar.
* * * LOW HITPOINT WARNING * * *
The iguana bites you!
You die...

#..>... #.[..... #......#
#......##########
#...............#
#........zo.....#
#.......zzoo....#
########....$...zl.....#
..........>....z@o..oO.#
########[................
######........!....###.o
......†............# ..
...................#
.........###.........
.........# #.?...$....
.........# #..........
########## #########


You could see an ogre, an iguana, 5 wights, an orc priest and 4 orcs.

Vanquished Creatures
  A phantom (D:6)
  A bullfrog (D:6)
  2 bombardier beetles (D:5)
  3 iguanas
  3 adders
  2 dart slugs
  2 ribbon worms
  6 orcs
  4 bats
  8 endoplasms
  7 goblins
  7 hobgoblins
  4 jackals
  7 kobolds
  2 quokkas
  A ball python (D:1)
60 creatures vanquished.

Vanquished Creatures (collateral kills)
  A foxfire (D:3)
1 creature vanquished.

Vanquished Creatures (others)
  185 foxfires
185 creatures vanquished.

Grand Total: 246 creatures vanquished

Notes
Turn   | Place    | Note
-------+----------+-------------------------------------------
     0 | D:1      | killozap the Mountain Dwarf Fire Elementalist began the
                  | quest for the Orb.
     0 | D:1      | Reached XP level 1. HP: 14/14 MP: 3/3
   175 | D:1      | Reached skill level 1 in Conjurations
   253 | D:1      | Reached XP level 2. HP: 22/22 MP: 1/4
   378 | D:1      | Reached skill level 4 in Fire Magic
  1015 | D:2      | Reached skill level 1 in Armour
  1089 | D:2      | Reached XP level 3. HP: 22/27 MP: 0/6
  1181 | D:2      | Found a faded altar of an unknown god.
  1200 | D:2      | Reached skill level 1 in Fighting
  1684 | D:3      | Found a burning altar of Makhleb.
  1685 | D:3      | You fall into a shaft and drop 1 floor!
  1757 | D:3      | Found a stormy altar of Qazlal.
  1817 | D:3      | Found an ancient bone altar of Kikubaaqudgha.
  1820 | D:3      | Found a snail-covered altar of Cheibriados.
  1870 | D:3      | Learned a level 2 spell: Scorch
  1964 | D:3      | Reached XP level 4. HP: 35/35 MP: 0/7
  3020 | D:5      | Entered Level 5 of the Dungeon
  3289 | D:5      | Reached skill level 5 in Fire Magic
  3289 | D:5      | Reached XP level 5. HP: 40/41 MP: 2/8
  3347 | D:5      | Noticed an ogre
  3593 | D:5      | Noticed an ogre
  3601 | D:6      | Noticed a phantom
  3617 | D:6      | Killed a phantom
  3618 | D:6      | Reached XP level 6. HP: 37/50 MP: 3/9
  3758 | D:6      | Slain by an iguana

Illustrated notes

Levels and vault maps discovered:
D:1:      mainiacjoe_arrival_reflecting_pool, layout_basic
D:2:      layout_rooms, dreamdust_ecumenical_altar_statues
D:3:      layout_loops_ring, mainiacjoe_overflow_paths,
          grunt_temple_overflow_open, chequers_hall_statues_y,
          dreamdust_princess_corridor
D:4:      layout_gridville
D:5:      layout_gridville, nicolae_overflow_two_pavilions,
          minmay_temple_entry_fiery
D:6:      layout_basic

Skill      XL: |  1  2  3  4  5 |
---------------+----------------+-----
Conjurations   | 1 2 |  2.4
Fire Magic     | 4 5 |  5.9
Spellcasting   | 2 |  2.7
Armour         | 1 2 |  2.6
Fighting       | 1 2 |  2.6
Dodging        | |  1.3
Stealth        | |  1.4

Action                     |  1- 3 |  4- 6 || total
---------------------------+-------+-------++-------
  Melee: Hand axe          |    25 |       ||    25
         Dagger            |       |    33 ||    33
   Cast: Foxfire           |    59 |    47 ||   106
         Scorch            |     1 |    11 ||    12
    Use: Scroll            |       |     6 ||     6
 Armour: Robe              |     6 |       ||     6
         Scale mail        |    23 |    58 ||    81
  Dodge: Dodged            |    18 |    23 ||    41

Table legend: (Time is in decaauts)
 A = Elapsed time spent in this place.
 B = Non-inter-level travel time spent in this place.
 C = Inter-level travel time spent in this place.
 D = Time resting spent in this place.
 E = Time spent auto-exploring this place.
 F = Levels seen in this place.
 G = Mean time per level.
                   A        B        C        D        E       F      G
               +--------+--------+--------+--------+--------+-----+--------+
         Total |   3765 |   3624 |    141 |    309 |   2680 |   6 |  627.5 |
       Dungeon |   3765 |   3624 |    141 |    309 |   2680 |   6 |  627.5 |
               +--------+--------+--------+--------+--------+-----+--------+

Top non-repeatable levels by time:
     D:4: 942 daAuts
     D:3: 855 daAuts
     D:1: 762 daAuts
     D:2: 668 daAuts
     D:5: 377 daAuts
     D:6: 158 daAuts
